 Dungeon Crawl Stone Soup version 0.18.1-50-g88ac8fd (webtiles) character file.

469 DungeonMaster the Covert (level 6, -2/30 HPs)
             Began as a Spriggan Assassin on Sept 23, 2016.
             Killed by nerve-wracking pain
             ... invoked by Grinder
              (6 damage)
             ... on level 5 of the Dungeon.
             The game lasted 00:13:22 (2242 turns).

DungeonMaster the Covert (Spriggan Assassin)        Turns: 2242, Time: 00:13:23

Health: -2/30      AC:  4    Str:  7    XL:     6   Next: 82%
Magic:  7/7        EV: 22    Int: 17    God:
Gold:   167        SH:  0    Dex: 19    Spells: 0 memorised, 5 levels left

rFire  . . .     SeeInvis +     s - +1 rapier
rCold  . . .     Gourm    .     c - +0 robe
rNeg   . . .     Faith    .     (shield restricted)
rPois  .         Spirit   .     (helmet restricted)
rElec  .         Dismiss  .     d - +1 cloak
rCorr  .         Reflect  .     (gloves unavailable)
SustAt .         Harm     .     (boots unavailable)
MR     +....                    (no amulet)
Stlth  ++++++....               (no ring)
                                i - +4 ring of intelligence

@: very quick, somewhat resistant to hostile enchantments, very stealthy
A: unfitting armour, see invisible, herbivore 3, speed 3, slow metabolism 2
a: no special abilities


You were on level 5 of the Dungeon.
You were very full.

You visited 1 branch of the dungeon, and saw 5 of its levels.

You collected 167 gold pieces.

Inventory:

Hand Weapons
 a - a +2 dagger
 s - a +1 rapier (weapon)
 w - a +1 blowgun
Missiles
 b - 24 bolts
 e - 24 poisoned needles
 f - 2 curare-tipped needles
 h - 140 stones (quivered)
Armour
 c - a +0 robe (worn)
 d - a +1 cloak (worn)
Jewellery
 i - a +4 ring of intelligence (left hand)
Scrolls
 k - a scroll of immolation
Potions
 l - a potion of flight {unknown}
 m - a potion of berserk rage {unknown}
 n - a potion of might {unknown}
Comestibles
 g - 3 bread rations


   Skills:
 - Level 1.5 Fighting
 - Level 2.1 Short Blades
 - Level 2.0 Throwing
 + Level 5.7 Dodging
 * Level 10.9 Stealth


You had 5 spell levels left.
You didn't know any spells.

Dungeon Overview and Level Annotations

Branches:
Dungeon (5/15)
 Temple: D:4-7

Altars:
Fedhas

Annotations:
D:3 Fathero2's ghost, weakling DrAK
D:5 Grinder


Innate Abilities, Weirdness & Mutations

You are tiny and cannot use many weapons and most armour.
You have supernaturally acute eyesight.
You are a herbivore.
You cover ground extremely quickly.
You need consume almost no food.


Message History

You see here a war axe.
There is a stone staircase leading down here.
You climb downwards.
Grinder comes into view.
There is a stone staircase leading up here.
Found a dagger.
Grinder shouts!
Grinder hits you!
You writhe in agony.
You hit Grinder but do no damage.
Grinder says, "Just stop there for a second..."
Grinder gestures at you. Pain shoots through your body!
* * * LOW HITPOINT WARNING * * *
Read which item? (? for menu, Esc to quit)
Okay, then.
Drink which item? (? for menu, Esc to quit)
It was a potion of cure mutation.
It has a very clean taste.
Grinder gestures at you. Pain shoots through your body!
You die...

.## ...##
.....##
#)....^###
#.......###
#........#
#..5@.<.#
###.....#
##.....#
##...##
##..# ##.#
.# .#


You could see Grinder.

Vanquished Creatures
  A phantom (D:4)
  2 ogres (D:4)
  A giant frog (D:4)
  A howler monkey (D:4)
  A gnoll shaman (D:4)
  3 gnolls (D:4)
  An adder (D:2)
  2 worms (D:2)
  A giant gecko (D:2)
  6 orcs
  2 goblins (D:2)
  3 hobgoblins
  5 jackals
  A quokka (D:3)
  A bat (D:3)
  A giant gecko skeleton (D:4)
  3 giant newts
  3 kobolds (D:2)
  4 rats
42 creatures vanquished.

Notes
Turn   | Place    | Note
--------------------------------------------------------------
     0 | D:1      | DungeonMaster the Spriggan Assassin began the quest for the Orb.
     0 | D:1      | Reached XP level 1. HP: 10/10 MP: 2/2
   160 | D:1      | Reached skill level 6 in Stealth
   278 | D:2      | Reached XP level 2. HP: 8/14 MP: 3/3
   345 | D:2      | Reached skill level 7 in Stealth
   741 | D:2      | Reached XP level 3. HP: 13/18 MP: 4/4
   847 | D:2      | Found a blossoming altar of Fedhas.
  1048 | D:3      | Noticed Fathero2's ghost (weakling DrAK)
  1147 | D:4      | Noticed an ogre
  1147 | D:4      | Noticed an ogre
  1149 | D:4      | Killed an ogre
  1149 | D:4      | Reached skill level 8 in Stealth
  1149 | D:4      | Reached XP level 4. HP: 22/22 MP: 5/5
  1178 | D:4      | Killed an ogre
  1178 | D:4      | Reached skill level 9 in Stealth
  1178 | D:4      | Reached XP level 5. HP: 25/25 MP: 6/6
  1238 | D:4      | Noticed a phantom
  1410 | D:4      | Reached XP level 6. HP: 25/30 MP: 7/7
  1428 | D:4      | Reached skill level 10 in Stealth
  1592 | D:4      | Reached skill level 5 in Dodging
  2237 | D:5      | Entered Level 5 of the Dungeon
  2237 | D:5      | Noticed Grinder
  2242 | D:5      | Killed from afar by Grinder

Skill      XL: |  1  2  3  4  5  6 |
---------------+-------------------+-----
Stealth        | 6 7 8 9 10 | 10.9
Dodging        | 2 3 4 5 |  5.7
Fighting       | |  1.5
Short Blades   | |  2.1
Throwing       | |  2.0

Action                   |  1- 3 |  4- 6 || total
-------------------------+-------+-------++-------
Melee: Dagger            |    55 |       ||    55
       Rapier            |       |    71 ||    71
 Fire: Blowgun           |    26 |    36 ||    62
Throw: Stone             |     6 |       ||     6
  Use: Scroll            |     8 |     2 ||    10
       Potion            |       |     1 ||     1
 Stab: Sleeping          |     8 |       ||     8
  Eat: Fruit             |     2 |       ||     2
       Pizza             |     2 |       ||     2
Armor: Robe              |     3 |     9 ||    12
Dodge: Dodged            |    37 |    64 ||   101
